 Dungeon Crawl Stone Soup version 0.22-a0-830-gf552829 (webtiles) character file.

191 BaronVonScrub the Insei (level 5, -9/42 HPs)
             Began as a Demonspawn Monk on July 24, 2018.
             Was a Believer of Wu Jian.
             Mangled by a gnoll
             ... wielding a +0 spear
              (10 damage)
             ... on level 3 of the Dungeon.
             The game lasted 00:06:38 (4280 turns).

BaronVonScrub the Insei (Demonspawn Monk)           Turns: 4280, Time: 00:06:38

Health: -9/42      AC:  3    Str: 12    XL:     5   Next: 42%
Magic:  5/5        EV: 14    Int: 11    God:    Wu Jian [**....]
Gold:   139        SH:  0    Dex: 16    Spells: 4/4 levels left

rFire    . . .     SeeInvis +     - Unarmed
rCold    . . .     Gourm    .   (no shield)
rNeg     . . .     Faith    .   a - +0 robe
rPois    .         Spirit   .   (no helmet)
rElec    .         Reflect  .   (no cloak)
rCorr    .         Harm     .   (no gloves)
MR       .....                  (no boots)
Stlth    ++........             (no amulet)
HPRegen  0.14/turn              b - ring of see invisible
MPRegen  0.09/turn              e - ring of wizardry

@: no status effects
A: rugged brown scales 1
a: Wall Jump, Renounce Religion


You were on level 3 of the Dungeon.
You worshipped Wu Jian.
Wu Jian was pleased with you.
You were not hungry.

You visited 1 branch of the dungeon, and saw 3 of its levels.

You collected 139 gold pieces.

Inventory:

Armour
 a - a +0 robe (worn)
Jewellery
 b - a ring of see invisible (left hand)
 e - a ring of wizardry (right hand)
 j - an uncursed ring of magical power
Scrolls
 f - 3 scrolls of identify
 g - a scroll of enchant weapon
Potions
 d - a potion of curing
Comestibles
 c - 3 rations


   Skills:
 + Level 3.5 Fighting
 + Level 3.3 Dodging
 + Level 3.0 Stealth
 + Level 4.3 Unarmed Combat


You had 4 spell levels left.
You didn't know any spells.
Your spell library was empty.

Dungeon Overview and Level Annotations

Branches:
Dungeon (3/15)

Altars:
Okawaru
Wu Jian


Innate Abilities, Weirdness & Mutations

You are partially covered in rugged brown scales. (AC +1, +3% HP)


Message History

The gnoll hits you with a spear!
You closely miss the gnoll.
The gnoll is moderately wounded.
The gnoll misses you.
You hit the gnoll but do no damage.
The gnoll is moderately wounded.
The gnoll hits you with a spear.
* * * LOW HITPOINT WARNING * * *
You hit the gnoll.
The gnoll is almost dead.
The gnoll hits you with a spear.
* * * LOW HITPOINT WARNING * * *
You closely miss the gnoll.
The gnoll is almost dead.
The gnoll hits you with a spear!
* * * LOW HITPOINT WARNING * * *
You hit the gnoll but do no damage.
The gnoll is almost dead.
The gnoll hits you with a spear!
You die...

#. #. #. #<
#. #.
#g###########
#.@.........#
#.......###.#
#...###.# #.#
#...# #.# #.#
#...###.###.#
#...........#
##..........#
#..........#
#######
#..........#


You could see a gnoll.

Vanquished Creatures
  A jelly (D:2)
  4 gnolls (D:3)
  6 adders
  2 oozes (D:1)
  2 leopard geckos
  An orc (D:3)
  5 bats
  5 giant cockroaches
  10 goblins
  3 hobgoblins
  4 jackals (D:3)
  6 kobolds
  2 quokkas
  A ball python (D:1)
  2 frilled lizards (D:3)
  5 rats
59 creatures vanquished.

Notes
Turn   | Place    | Note
-------+----------+-------------------------------------------
     0 | D:1      | BaronVonScrub the Demonspawn Monk began the quest for the Orb.
     0 | D:1      | Reached XP level 1. HP: 18/18 MP: 1/1
    47 | D:1      | Reached skill level 3 in Unarmed Combat
    47 | D:1      | Gained mutation: You are partially covered in rugged brown scales. (AC +1, +3% HP) [demonic ancestry]
    47 | D:1      | Reached XP level 2. HP: 14/24 MP: 2/2
  1454 | D:2      | Found an ornate altar of the Wu Jian Council.
  1466 | D:2      | Became a worshipper of the Wu Jian Council
  1466 | D:2      | Reached * piety under Wu Jian
  1466 | D:2      | Reached ** piety under Wu Jian
  1664 | D:2      | Reached XP level 3. HP: 15/29 MP: 3/3
  2203 | D:2      | Reached XP level 4. HP: 26/36 MP: 4/4
  3036 | D:3      | Reached skill level 4 in Unarmed Combat
  3090 | D:3      | Found an iron altar of Okawaru.
  3269 | D:3      | Reached XP level 5. HP: 42/42 MP: 5/5
  3861 | D:3      | HP: 2/42 [gnoll/spear (7)]
  4279 | D:3      | HP: 1/42 [gnoll/spear (7)]
  4280 | D:3      | Mangled by a gnoll

Vault maps used:
D:1:      erik_arrival_gehennom, minivault_11
D:2:      old_standard_altar, first_ration, minmay_tree_intersection,
          kennysheep_cluttered_room
D:3:      lemuel_castle_with_subvaults, okawaru_gym_becter

Skill      XL: |  1  2  3  4  5 |
---------------+----------------+-----
Unarmed Combat | 3 4 |  4.3
Dodging        | 3 |  3.3
Stealth        | 2 3 |  3.0
Fighting       | |  3.5

Action                   |  1- 3 |  4- 6 || total
-------------------------+-------+-------++-------
Melee: Unarmed           |   105 |   165 ||   270
       Punch             |     1 |     4 ||     5
Invok: Lunge             |     2 |    11 ||    13
       Whirlwind         |     8 |       ||     8
       Wall Jump         |       |     1 ||     1
  Use: Scroll            |     1 |     3 ||     4
       Potion            |     1 |     1 ||     2
 Stab: Sleeping          |     6 |     9 ||    15
       Distracted        |     1 |       ||     1
  Eat: Ration            |     1 |     1 ||     2
       Chunk             |       |     6 ||     6
Armor: Robe              |    16 |    21 ||    37
Dodge: Dodged            |    55 |   101 ||   156

Table legend:
 A = Spawn XP
 B = Non-spawn XP
 C = Spawn XP percentage of total XP
 D = Spawn monster count
 E = Non-spawn monster count
 F = Spawn count percentage of total count
 G = Total turns spent on level
                    A         B        C        D         E        F      G
               +---------+---------+-------+---------+---------+-------+---------
         Total |       0 |     274 |   0.0 |       0 |      59 |   0.0 |  4280
               +---------+---------+-------+---------+---------+-------+---------
           D:1 |       0 |      32 |   0.0 |       0 |      12 |   0.0 |  1841
           D:2 |       0 |     112 |   0.0 |       0 |      23 |   0.0 |  1449
           D:3 |       0 |     130 |   0.0 |       0 |      24 |   0.0 |   990
               +---------+---------+-------+---------+---------+-------+---------
